Cogmind - Beta 14 @@@ ROGUE MODE // 2024.09.25 @ 10:34:11 Player: Some Pennies Result: Destroyed self via exploding Fusion Modulator Performance ------------- Evolutions (2) 1000 Regions Visited (5) 1000 Robots Destroyed (129) 645 Value Destroyed (4637) 4637 Prototype IDs (18) 360 Alien Tech Used (0) 0 Bonus (927) 927 TOTAL SCORE: 8569 Bonus ------- High Alert Combat Kills 701 Follower Combat Kills 166 Entered Garrisons 200 Friendly Fire -140 Cogmind --------- Core Integrity 0/550 Matter 267/300 Energy 117/150 System Corruption 5% Temperature Cool (24) Movement Treading (160) Location -8/Materials Parts ------- > --- POWER (1) -------- Micro Nuclear Core > --- PROPULSION (4) --- Light Treads Light Treads Light Treads Improved Treads > --- UTILITY (4) ------ Improved Heat Sink Large Storage Unit Improved Sensor Array Hacking Suite > --- WEAPON (2) ------- Heavy Phase Cannon Hypervelocity Gauss Cannon > --- INVENTORY (15) --- Micro Nuclear Core Makeshift Flight Unit Field Propulsion Drive Field Propulsion Drive Medium Storage Unit ECM Suite Advanced Shield Generator Improved Corruption Screen Trap Extractor (4/4 Shock) Long-range Proton Cannon Powered Cannon Subdweller Shrapnel Launcher Improved Datajack Multitool Peak State ------------ > --- POWER ------------ Micro Nuclear Core > --- PROPULSION ------- Light Treads Light Treads Light Treads Improved Treads > --- UTILITY ---------- Improved Heat Sink Large Storage Unit Improved Sensor Array Hacking Suite > --- WEAPON ----------- Heavy Phase Cannon Hypervelocity Gauss Cannon > --- INVENTORY -------- Micro Nuclear Core Makeshift Flight Unit Field Propulsion Drive Field Propulsion Drive Medium Storage Unit ECM Suite Advanced Shield Generator Improved Corruption Screen Trap Extractor Long-range Proton Cannon Powered Cannon Subdweller Shrapnel Launcher Improved Datajack Multitool [Rating: 37] Favorites ----------- Power Ion Engine Engine Ion Engine Power Core Micro Nuclear Core Propulsion Light Treads Treads Light Treads Leg Aluminum Leg Utility Large Storage Unit Device Improved Heat Sink Storage Large Storage Unit Processor Improved Signal Interpreter Hackware Hacking Suite Protection Reactive Plating Weapon Plasma Cannon Energy Gun Medium Laser Energy Cannon Plasma Cannon Ballistic Gun Assault Rifle Ballistic Cannon Hypervelocity Gauss Cannon Launcher Advanced EMP Blaster Special Melee Weapon Datajack Build | -11 -10 -10 -8 -8 -8 ------- Run | Yrd Mat Sub Mat Gar Mat Slots Evolved 4 | . . . 4 . . Power . | . . . . . . Propulsion 2 | . . . 2 . . Utility 2 | . . . 2 . . Weapon . | . . . . . . Parts Attached 136 | 7 14 13 50 46 6 Power 11 | 1 1 1 3 5 . Engine 9 | 1 1 1 3 3 . Core 2 | . . . . 2 . Reactor . | . . . . . . Propulsion 35 | 2 1 3 16 10 3 Treads 30 | 2 1 3 16 5 3 Leg 5 | . . . . 5 . Wheel . | . . . . . . Hover . | . . . . . . Flight . | . . . . . . Utility 36 | 2 5 3 14 9 3 Device 23 | 1 3 2 8 8 1 Storage 4 | 1 2 . 1 . . Processor 3 | . . . 1 1 1 Hackware 1 | . . . . . 1 Protection 5 | . . 1 4 . . Artifact . | . . . . . . Weapon 54 | 2 7 6 17 22 . Energy Gun 15 | 1 1 2 2 9 . Energy Cannon 25 | . 4 4 11 6 . Ballistic Gun 2 | 1 . . 1 . . Ballistic Cannon 2 | . . . . 2 . Launcher 7 | . 1 . 2 4 . Special Weapon . | . . . . . . Impact Weapon . | . . . . . . Slashing Weapon . | . . . . . . Piercing Weapon . | . . . . . . Special Melee Weapon 3 | . 1 . 1 1 . Unidentified Prototypes 5 | . . . 5 . . Corrupted Parts 2 | . . . . 2 . System Corruption 2 | . . . . 2 . Parts Lost 18 | . 1 1 1 15 . Power 2 | . . . . 2 . Propulsion 7 | . 1 . . 6 . Utility 6 | . . 1 1 4 . Weapon 3 | . . . . 3 . Highest Loss Streak 10 | . 1 1 1 10 . To Critical Strikes . | . . . . . . Average Slot Usage (%) 96 | . 99 98 97 88 99 Engine 9 | . 14 14 9 2 . Core 1 | . . . . 3 9 Treads 28 | . 27 28 35 20 31 Leg 2 | . . . . 12 4 Device 13 | . 14 11 14 15 11 Storage 11 | . 14 14 9 9 9 Processor 2 | . . . 3 8 7 Protection 2 | . . 1 6 1 . Energy Gun 3 | . 5 5 . 4 . Energy Cannon 14 | . 12 22 17 4 9 Ballistic Gun 1 | . 9 . . . . Ballistic Cannon 1 | . . . . 6 9 Peak Build Rating 37 | 8 12 16 32 36 37 Average Rating 20 | 6 9 12 28 28 35 On Entrance 16 | . 8 12 16 29 36 Naked Turns . | . . . . . . Heaviest Build 58 | 13 34 38 58 48 48 Greatest Support 90 | 40 40 40 84 90 83 Greatest Overweight (x) 6 | 2 . . . 6 . Average Overweight (x) . | . . . . . . Largest Inventory Capacity 15 | 8 15 15 15 15 15 Average Capacity 14 | 7 12 15 15 15 15 Most Carried 15 | 6 15 15 15 15 15 Average Carried 14 | 2 12 14 14 14 14 Final Capacity 15 | 8 15 15 15 15 15 Final Carried 15 | 6 15 15 15 15 15 Class Distribution -------------------- 54% | Mutant 43% | Scavenger-Mutant Dominant Class ---------------- Mutant | -10/Materials Mutant | -10/Subcaves Scavenger-Mutant | -8/Materials Scavenger-Mutant | -8/Garrison Scavenger-Mutant | -8/Materials Resources | -11 -10 -10 -8 -8 -8 ----------- Run | Yrd Mat Sub Mat Gar Mat Matter Collected 2346 | 312 243 220 518 884 169 Remotely . | . . . . . . Salvage Created 4569 | 190 743 477 2219 713 227 Parts 290 | 17 53 34 130 42 14 Haulers Intercepted 9 | . 2 . 6 . 1 Recyclers Shooed 1 | . . . . . 1 Parts Field Recycled . | . . . . . . Retrieved Matter . | . . . . . . Parts Self-Destructed 5 | . . 5 . . . Prevented . | . . . . . . Kills | -11 -10 -10 -8 -8 -8 ------- Run | Yrd Mat Sub Mat Gar Mat Combat Hostiles Destroyed 90 | . 14 7 39 25 5 Melee 2 | . . . 2 . . Guns 14 | . 9 . . 5 . Cannons 59 | . 3 7 34 11 4 AOE 13 | . 2 . 2 8 1 Classes Destroyed 17 | 3 6 2 4 2 . Worker 7 | 2 2 . 3 . . Builder 1 | . . . 1 . . Tunneler 5 | 5 . . . . . Hauler 9 | . 2 . 6 . 1 Recycler 1 | 1 . . . . . Mechanic 1 | . 1 . . . . Operator 6 | . 2 . 4 . . Watcher 9 | . 3 . 5 . 1 Swarmer 26 | . 3 . 11 10 2 Grunt 37 | . 11 . 16 9 1 Brawler 1 | . . . 1 . . Sentry 13 | . . . 9 2 2 Hunter 2 | . . . 2 . . Programmer 3 | . . . . 3 . Behemoth 1 | . . . . 1 . Artisan 2 | . . 2 . . . Subdweller 7 | . . 7 . . . Best Kill Streak 8 | 3 4 2 8 5 2 Combat Bots Only 7 | . 3 2 7 5 2 Max Kills in Single Turn 4 | 2 4 1 2 2 1 Gunslinging . | . . . . . . Exploded 2 | . 2 . 1 2 1 Melee 1 | . . . 1 . . Uniques/NPCs Destroyed . | . . . . . . Combat | -11 -10 -10 -8 -8 -8 -------- Run | Yrd Mat Sub Mat Gar Mat Hostile Shots Fired 455 | . 46 31 149 207 22 Missed 122 | . 13 10 31 59 9 Damage Taken 5141 | . 406 483 1399 2497 356 Core 686 | . 71 47 130 311 127 Absorbed by Shields . | . . . . . . Ignored by Resistances 118 | . . . 118 . . Regen/Repaired (Parts) 130 | . . . 102 . 28 Core Remaining (%) 76 | 100 . 52 . . . Volleys Fired 361 | 14 57 54 118 101 17 Largest 2 | 2 2 2 2 2 2 Hottest 160 | 70 80 148 160 160 151 Shots Fired 632 | 28 111 96 224 139 34 Gun 158 | 28 93 13 . 24 . Cannon 459 | . 17 83 220 105 34 Launcher 15 | . 1 . 4 10 . Special . | . . . . . . Kinetic 130 | 14 56 . . 45 15 Thermal 469 | 14 54 96 220 66 19 Explosive 1 | . 1 . . . . Electromagnetic 32 | . . . 4 28 . Robot Hit Streak 15 | 9 7 15 14 13 4 Robot Miss Streak 4 | 2 3 1 4 4 3 Penetration Max . | . . . . . . Secondary Targets 2 | . 2 . . . . Max Gunslinging Chain 1 | . 1 . . . . Shots Hit Robots 360 | 20 65 55 141 66 13 Core Hits 173 | 9 35 19 69 35 6 Critical Kills 7 | . . . 1 6 . Critical Parts Destroyed 8 | . . . . 7 1 Critical Strikes 18 | . 2 . 1 14 1 Burn 2 | . 2 . . . . Meltdown 2 | . . . 1 1 . Destroy 13 | . . . . 12 1 Corrupt 1 | . . . . 1 . Melee Attacks 4 | . . . 2 2 . Impact . | . . . . . . Slashing . | . . . . . . Piercing . | . . . . . . Sneak Attacks 4 | . . . 2 2 . Combat Hostiles . | . . . . . . Follow-up Attacks . | . . . . . . Damage Inflicted 9628 | 260 1088 1202 4108 2498 472 Guns 1475 | 260 768 212 . 235 . Cannons 6618 | . 142 990 3795 1293 398 Explosions 1473 | . 178 . 260 963 72 Melee . | . . . . . . Ramming 62 | . . . 53 7 2 Kinetic 1894 | 135 420 . . 1259 80 Thermal 7060 | 125 490 1202 3795 1058 390 Explosive 178 | . 178 . . . . Electromagnetic 434 | . . . 260 174 . Impact . | . . . . . . Slashing . | . . . . . . Piercing . | . . . . . . Highest Corruption 5 | . . . 2 5 5 Average Corruption 3 | . . . 2 3 5 Corruption Purged . | . . . . . . Corruption Blocked . | . . . . . . Effects 58 | . . . 14 32 12 Message Errors 16 | . . . 5 9 2 Matter Fused 8 | . . . 2 4 2 Heat Flow Errors 7 | . . . 2 4 1 Energy Discharges 9 | . . . 2 6 1 Data Loss (minor) 8 | . . . 2 5 1 Data Loss (major) 4 | . . . . 2 2 Misfires 5 | . . . 1 1 3 Weapon Failures 1 | . . . . 1 . Overload Shots . | . . . . . . Overflow Damage 124 | . 7 . 69 46 2 Projectiles 90 | . . . 69 19 2 Explosions 34 | . 7 . . 27 . Melee . | . . . . . . Knockbacks 3 | . . . . 1 2 Impact . | . . . . . . Kinetic 3 | . . . . 1 2 Secondary . | . . . . . . Self-Inflicted Damage 273 | . . . . 90 183 Shots 7 | . . . . 5 2 Rammed 9 | . . . 5 3 1 Targets Rammed 11 | . . . 7 3 1 Kicked . | . . . . . . Crushed 2 | . . . 2 . . Highest Temperature 327 | 27 150 108 321 327 180 Average Temperature 64 | 10 35 33 82 88 64 Received Heat Transfer 1842 | . 207 72 558 987 18 Effects 2 | . . . 1 1 . Energy Bleed 2 | . . . 1 1 . Siege Activations . | . . . . . . Robots Corrupted . | . . . . . . Combat Hostiles . | . . . . . . Parts Fried 2 | . . . 2 . . Impact Corruptions . | . . . . . . Robots Melted 3 | . . . 2 1 . Combat Hostiles 2 | . . . 1 1 . Parts Melted 34 | . 1 4 22 7 . Heat Transferred 13162 | 370 1480 1878 7361 1690 383 Parts Sabotaged . | . . . . . . Parts Stolen . | . . . . . . Parts Stripped . | . . . . . . Power Chain Reactions . | . . . . . . Alert | -11 -10 -10 -8 -8 -8 ------- Run | Yrd Mat Sub Mat Gar Mat Peak Influence 1597 | 40 289 . 797 1597 926 Initial 778 | . 26 . . 498 778 Average 477 | 22 135 . 444 879 754 Maximum Alert Level 4 | . 1 . 3 4 3 Low Security (%) 33 | 100 80 . 22 . . Level 1 11 | . 19 . 16 . . Level 2 29 | . . . 42 39 45 Level 3 18 | . . . 18 29 54 Level 4 7 | . . . . 30 . Level 5 . | . . . . . . High Security . | . . . . . . Max Security . | . . . . . . Squads Dispatched 9 | . 3 . 5 . 1 Investigation 3 | . 2 . 1 . . Extermination . | . . . . . . Reinforcement 5 | . 1 . 4 . . Assault 1 | . . . . . 1 Garrison . | . . . . . . Intercept . | . . . . . . Searches Triggered . | . . . . . . Construction Impeded 1 | . . . 1 . . Haulers Reinforced . | . . . . . . Active Scanning Responses . | . . . . . . Cargo Convoy Interrupts . | . . . . . . Stealth | -11 -10 -10 -8 -8 -8 --------- Run | Yrd Mat Sub Mat Gar Mat Distress Signals 6 | . 1 . 5 . . Communications Jammed . | . . . . . . Distress Signals . | . . . . . . Times Spotted 133 | . 23 7 59 35 9 Peak Tracking Total 6 | . 3 2 6 5 3 Tactical Retreats 9 | . 1 . 3 4 1 Traps | -11 -10 -10 -8 -8 -8 ------- Run | Yrd Mat Sub Mat Gar Mat Traps Triggered 6 | . . 1 1 4 . Indirectly . | . . . . . . Trap Hack Attempts 70 | . 64 . 6 . . Triggered . | . . . . . . Disarmed . | . . . . . . Reprogrammed 6 | . 4 . 2 . . Reused . | . . . . . . Traps Extracted 4 | . 4 . . . . Installed . | . . . . . . Triggered . | . . . . . . Most Traps Carried 4 | . 4 4 4 4 4 Machines | -11 -10 -10 -8 -8 -8 ---------- Run | Yrd Mat Sub Mat Gar Mat Machines Disabled 19 | . . 2 5 8 4 Max in Single Turn 2 | . . 1 1 1 2 Garrison Relay 5 | . . . . 5 . Machines Repaired . | . . . . . . Machines Dismantled . | . . . . . . Machines Sabotaged . | . . . . . . Overloaded Fab Kills . | . . . . . . Hacking | -11 -10 -10 -8 -8 -8 --------- Run | Yrd Mat Sub Mat Gar Mat Machines Accessed 26 | . 8 2 11 2 3 Terminals 18 | . 6 . 9 2 1 Fabricators . | . . . . . . Repair Stations 2 | . . . 1 . 1 Recycling Units 2 | . 2 . . . . Scanalyzers 1 | . . . . . 1 Garrison Access 1 | . . . 1 . . Total Hacks 76 | . 25 6 30 7 8 Successful 41 | . 14 6 14 2 5 Failed 35 | . 11 . 16 5 3 Catastrophic 7 | . 2 . 2 1 2 Database Lockouts . | . . . . . . Manual 43 | . 21 . 22 . . Terminals 59 | . 20 . 27 7 5 Fabricators . | . . . . . . Repair Stations 4 | . . . 2 . 2 Recycling Units 5 | . 5 . . . . Scanalyzers 1 | . . . . . 1 Garrison Access 1 | . . . 1 . . Terminal Hacks 20 | . 4 6 5 2 3 Record 6 | . 1 5 . . . Part Schematic 1 | . . . 1 . . Robot Analysis 3 | . 2 . . . 1 Prototype ID Bank 1 | . . . 1 . . Open Door 1 | . . . . 1 . Emergency Access Points 1 | . . . . 1 . Terminal Index 1 | . 1 . . . . Alert Level 2 | . . . 1 . 1 Unreport Threat 3 | . . . 2 . 1 Derelict Proto ID Bank 1 | . . 1 . . . Fabricator Hacks . | . . . . . . Repair Station Hacks 4 | . . . 2 . 2 Scan Component 2 | . . . 1 . 1 Repair 2 | . . . 1 . 1 Recycling Unit Hacks 1 | . 1 . . . . Retrieve Components 1 | . 1 . . . . Scanalyzer . | . . . . . . Garrison Access Hacks 1 | . . . 1 . . Unlock Access 1 | . . . 1 . . Unauthorized Hacks 15 | . 9 . 6 . . Terminals 13 | . 7 . 6 . . Assimilate 1 | . 1 . . . . Botnet 2 | . 1 . 1 . . Skim 10 | . 5 . 5 . . Fabricators . | . . . . . . Repair Stations . | . . . . . . Recycling Units 2 | . 2 . . . . Tunnel 2 | . 2 . . . . Scanalyzers . | . . . . . . Garrison Access . | . . . . . . Data Cores Recovered 1 | . . . . . 1 Used 1 | . . . . . 1 Hacking Detections 23 | . 7 . 11 2 3 Full Trace Events 1 | . . . . 1 . Feedback Events . | . . . . . . Feedback Blocked . | . . . . . . Robot Schematics Acquired . | . . . . . . Robots Built . | . . . . . . Authchips . | . . . . . . Time . | . . . . . . Total Robot Build Rating . | . . . . . . Part Schematics Acquired 1 | . . . 1 . . Parts Built . | . . . . . . Authchips . | . . . . . . Time . | . . . . . . Total Part Build Rating . | . . . . . . Parts Repaired 2 | . . . 1 . 1 Time 70 | . . . 44 . 26 Parts Recycled . | . . . . . . Recycled Matter . | . . . . . . Retrieved Matter . | . . . . . . Retrieved Components 9 | . 9 . . . . Parts Scanalyzed . | . . . . . . Part Schematics Acquired . | . . . . . . Parts Damaged . | . . . . . . Bothacking | -11 -10 -10 -8 -8 -8 ------------ Run | Yrd Mat Sub Mat Gar Mat Used RIF Installer . | . . . . . . Robots Hacked 1 | . . . 1 . . Non-combat 1 | . . . 1 . . Combat . | . . . . . . Robot Hacks Applied 1 | . . . 1 . . no_distress 1 | . . . 1 . . Relay Couplers Released 22 | . . . . 22 . Machine Destruction 22 | . . . . 22 . Fabnet Peak Effective % . | . . . . . . Robots Rewired 2 | . . . . 2 . Allies Hacked . | . . . . . . Hacks Repelled . | . . . . . . Allies | -11 -10 -10 -8 -8 -8 -------- Run | Yrd Mat Sub Mat Gar Mat Total Allies 3 | . 1 . . 2 . Largest Group 2 | . 1 . . 2 1 Highest-Rated Group 70 | . 10 . . 70 39 Highest-Rated Ally 39 | . 10 . . 39 39 Total Orders . | . . . . . . Ally Attacks 34 | . . . . 23 11 Total Damage 367 | . . . . 246 121 Kills 9 | . . . . 6 3 Allies Corrupted . | . . . . . . Allies Melted . | . . . . . . Intel | -11 -10 -10 -8 -8 -8 ------- Run | Yrd Mat Sub Mat Gar Mat Robot Analysis Total 3 | . 2 . . . 1 Derelict Logs Recovered 2 | . . 2 . . . Drone Launches . | . . . . . . Drone Recoveries . | . . . . . . Exploration | -11 -10 -10 -8 -8 -8 ------------- Run | Yrd Mat Sub Mat Gar Mat Turns Passed 9025 | 251 1791 2241 2595 1730 417 Spaces Moved 4267 | 124 697 1241 1240 746 219 Core 26 | 8 . . . 18 . Treads 4072 | 116 697 1241 1240 559 219 Legs 169 | . . . . 169 . Wheels . | . . . . . . Hover . | . . . . . . Flight . | . . . . . . Fastest Speed 50 | 50 160 160 152 120 160 Average Speed 160 | 156 160 160 156 170 160 Slowest Speed 350 | 160 160 160 160 350 160 Overloaded Moves . | . . . . . . Propulsion Burnouts . | . . . . . . Robots Hopped . | . . . . . . Cave-ins Triggered . | . . . . . . Exploration Rate (%) 60 | 5 91 72 88 80 26 Regions Visited 5 Branch Regions 1 Pre-discovered Areas 9 | . 4 2 3 . . Known Exits Taken 3 | . 1 1 1 . . Unknown Exits Taken 1 | 1 . . . . . Scrap Searched 7 | . . 7 . . . Spaces Dug 2 | . . 1 1 . . Terrain Destroyed 161 | . 8 3 53 63 34 Melee . | . . . . . . Projectile 62 | . . 3 53 . 6 AOE 99 | . 8 . . 63 28 Terrain Rammed . | . . . . . . Walls Destroyed . | . . . . . . Machines Disabled . | . . . . . . Actions | -11 -10 -10 -8 -8 -8 --------- Run | Yrd Mat Sub Mat Gar Mat Total 5818 | 150 1265 1401 1681 1064 257 Wait 792 | . 403 72 181 129 7 Move 4260 | 123 696 1240 1240 742 219 Hop . | . . . . . . Pick Up 66 | 6 18 9 22 10 1 Fast Attach 53 | 7 1 3 23 14 5 Attach 15 | . 1 1 4 9 . Detach 4 | . . . 1 3 . Swap 68 | . 12 9 23 23 1 Drop 104 | . 13 13 54 18 6 Fire 361 | 14 57 54 118 101 17 Melee 4 | . . . 2 2 . Ram . | . . . . . . Kick . | . . . . . . Crush 11 | . . . 7 3 1 Escape Stasis 10 | . . . . 10 . Rewire . | . . . . . . Trap 70 | . 64 . 6 . . Miscellaneous . | . . . . . . Route ------- -11/Scrapyard -10/Materials (discovered 6 exits: *Mat x3 / *Min x2 / *Sub) -10/Subcaves (discovered 3 exits: *Mat x2 / Rec) -8/Materials (discovered 3 exits: [*Fac x2] / Gar) -8/Garrison (discovered 3 exits: *Mat x3) -8/Materials History --------- Turn | Location | Event 13 | -11/Scrapyard | Discovered new exit (range 16) 252 | -11/Scrapyard | Entered Materials 330 | -10/Materials | Build established: Mutant 753 | -10/Materials | Discovered new exit (range 4) 921 | -10/Materials | Discovered new exit (range 15) 1083 | -10/Materials | Discovered new exit (range 12) 1340 | -10/Materials | Learned 2 Mines zone layouts 1342 | -10/Materials | Discovered new exit (range 16) 1420 | -10/Materials | Learned 2 Storage zone layouts 1448 | -10/Materials | Discovered new exit (range 13) 1490 | -10/Materials | Identified exit to Materials 1490 | -10/Materials | Identified exit to Mines 1602 | -10/Materials | Learned Storage emergency access door positions 1640 | -10/Materials | Learned 4 Subcaves zone layouts 1666 | -10/Materials | Loaded intel: 8 terminal locations 1703 | -10/Materials | Learned location of Subcaves (-10) 1751 | -10/Materials | Learned location of 2 exits from Subcaves 1811 | -10/Materials | Identified exit to Subcaves 2043 | -10/Materials | Entered Subcaves 2044 | -10/Subcaves | Identified exit to Materials 2044 | -10/Subcaves | Identified exit to Recycling 2062 | -10/Subcaves | Shifting Twisted Machinery released Enh. Flamer 2175 | -10/Subcaves | Shifting Twisted Machinery released Sub. Beam Cannon 2496 | -10/Subcaves | Shifting Twisted Machinery released Sub. Monowheel 2497 | -10/Subcaves | Shifting Twisted Machinery released Flamer 2593 | -10/Subcaves | Visited Clippyterm 2598 | -10/Subcaves | Learned location of Extension (-6) 2598 | -10/Subcaves | Learned 40 Factory zone layouts 3044 | -10/Subcaves | Visited 4L-MR0's lab 3065 | -10/Subcaves | Found Powered Cannon 3201 | -10/Subcaves | A swath of the cavern ceiling suddenly collapsed 3241 | -10/Subcaves | Learned location of Zion (-7) 3241 | -10/Subcaves | Met a Zionite searching for "candidates" 3495 | -10/Subcaves | Shifting Twisted Machinery released Spk. Treads 3705 | -10/Subcaves | Learned Materials terminal intel 4284 | -10/Subcaves | Entered Materials 4284 | -8/Materials | Evolved 4 slots: Propulsion x2, Utility x2 4285 | -8/Materials | Loaded intel: 12 terminal locations 5143 | -8/Materials | Destroyed 7 combat bots 5201 | -8/Materials | Discovered new exit (range 4) 5271 | -8/Materials | Build established: Scavenger-Mutant 5592 | -8/Materials | Discovered new exit (range 8) 5663 | -8/Materials | Repaired Plasma Cannon 6062 | -8/Materials | Learned location of 2 exits from Factory 6181 | -8/Materials | Learned 8 Factory zone layouts 6225 | -8/Materials | Learned location of 2 exits from Factory 6258 | -8/Materials | Learned 2 Lower Caves zone layouts 6281 | -8/Materials | Learned location of Lower Caves (-7) 6292 | -8/Materials | Learned location of 1 exit from Storage 6386 | -8/Materials | Learned Factory security intel 6440 | -8/Materials | Learned location of Lower Caves (-6) 6879 | -8/Materials | Identified exit to Garrison 6879 | -8/Materials | Entered Garrison 6967 | -8/Garrison | Spotted B-75 Beast 7014 | -8/Garrison | Destroyed B-75 Beast 7123 | -8/Garrison | Core integrity fell below 50% 7169 | -8/Garrison | Lost 10 parts (2p4n2u2w) 7453 | -8/Garrison | Triggered checkpoint 7453 | -8/Garrison | Triggered checkpoint 7584 | -8/Garrison | Discovered new exit (range 9) 7600 | -8/Garrison | Identified exit to Materials 7603 | -8/Garrison | Attempted to access garrison exit controls, blocked by remote lockdown 7929 | -8/Garrison | Triggered checkpoint 8016 | -8/Garrison | Discovered exit to Materials (range 11) 8035 | -8/Garrison | Attempted to access garrison exit controls, blocked by remote lockdown 8057 | -8/Garrison | Triggered checkpoint 8078 | -8/Garrison | Garrison Relay disabled 8391 | -8/Garrison | Triggered checkpoint 8411 | -8/Garrison | Core integrity fell below 20% 8467 | -8/Garrison | Garrison Relay disabled 8469 | -8/Garrison | Garrison Relay disabled 8471 | -8/Garrison | Garrison Relay disabled 8473 | -8/Garrison | Garrison Relay disabled 8592 | -8/Garrison | Discovered exit to Materials (range 10) 8609 | -8/Garrison | Entered Materials 8609 | -8/Materials | Accompanied by 1 ally 9001 | -8/Materials | Repaired Med. Storage Unit? 9009 | -8/Materials | First assault squad dispatched 9026 | -8/Materials | Destroyed self via exploding Fusion Modulator Last Messages --------------- >>Repair Repairing Med. Storage Unit... ETC: 26 08980_ System corrupted: FCS attempts to trigger Hvy. Phase Cannon. 08980_ System corrupted: Hvy. Phase Cannon misfires. 08995_ System corrupted: FCS attempts to trigger Hyp. Gauss Cannon. 08995_ System corrupted: Hyp. Gauss Cannon misfires. 08995_ R-06 Scavenger knocked back. 09001_ >> REPAIR: Completed Med. Storage Unit? 09009_ ALERT: Significant disruption in Zone 6J, assault force dispatched. 09014_ Acquired Med. Storage Unit. 09026_ Fusion Modulator explodes. 09026_ HV Slug penetrates Wall. 09026_ Fusion Modulator explodes. 09026_ Y-45 Defender destroyed. Map ----- +----------------------------------------------------+ | | | | | | | | | | | | | | | | | | | | | | | | | | | | | | | | | ???????????????????????????????? | | ???######??????????????????????? | | ?### ;;;##????????????????????? | | ##;;;;;%; ##???????????????????? | | # [! ##########??????????? | | # ; # #??????????? | | # ;;;# """ ##?????????? | | # ; ; """ "#?????????? | | # ; ; """ !#?????????## | | # @; ; h #?????????# | | # ; # " " ########### | | # ; # "R" + % % | | # ! ; # """ ! ########### | | # #[ # #?????????# | | #] [ # *##########?????????## | | ######### #???????????????????? | | ????????# ##########??????????? | | ????????# # #??????????? | | # ? ????# # """ #??????????# | | ? "???# # """ #??????????# | | ?? ""??# # """ #??????????+ | | ??? ?# # #??????????# | | ??? """ # #!%=""" #??????????# | | #! """ # # """ #??????????? | | # """ + + """ #??????????? | | # # # #??????????? | | ??####### ##########??????????? | | # # [ ######?####????????? | | # + = % ###"########### | | # "" # % | | # """# ###+###+## | | ? ""?## ## # | | ?? "???# ## """ # | | ????????# ## """ = # ###### | +----------------------------------------------------+ Best States ------------- Heat Dissipation 59 Energy Generation 15 Energy Capacity 265 Matter Stores 300 Matter Capacity 300 Sight Range 16 Robot Scan Range 15 Terrain Scan Density 10 Armor Coverage 300 Resistance: KI 20 Evasion (%) 55 Recoil Reduction 4 Offensive Hacking 10 Trap Extractor Capacity 4 Item Schematics ----------------- Imp. Flight Unit | -8/Materials | Hacked Robot Schematics ------------------ None Fabricated ------------ Nothing Alien Tech Used ----------------- None Achievements -------------- None Challenges ------------ None Game ------ Seed LinkedMetaReactor Manual? 0 Play Time 01:06:01 Cumulative 338.0 hours Start 2024.09.23 @ 18:16:06 End 2024.09.25 @ 10:34:11 Sessions 3 Manual Loads 0 Difficulty Rogue Special Mode None Game No. 239 Rogue 234 Adventurer 5 Explorer 0 Win Type - Total 7 Types 4/0/3/0/0/0/0/0/0 Lore% 67 Gallery% 85 Achievement% 69 Wizard Run 0 Options --------- Layout 2 ASCII 0 Keyboard 0 Movement Mouse Keybinds 0 Fullscreen 2 Font 24/Smallcaps Map View 50x44 Zoom Use 0% Tactical HUD 1 Map Filters NONE Filters NONE Steam 1 RUN: f7f7139a-8381-4c6e-8906-b8ee1cd14364